 Dungeon Crawl Stone Soup version 0.19-a0-1071-g4ed3155 (webtiles) character file.

29 poirepourri the Insei (level 3, -1/23 HPs)
             Began as an Octopode Transmuter on Aug 5, 2016.
             Killed from afar by a dart slug (4 damage)
             ... with a slug dart
             ... on level 1 of the Dungeon.
             The game lasted 00:01:46 (1439 turns).

poirepourri the Insei (Octopode Transmuter)         Turns: 1439, Time: 00:01:47

Health: -1/23      AC:  1    Str:  9    XL:     3   Next: 16%
Magic:  0/6        EV: 13    Int: 16    God:
Gold:   125        SH:  0    Dex: 12    Spells: 3 memorised, 0 levels left

rFire  . . .     SeeInvis .       - Unarmed
rCold  . . .     Gourm    .     (no shield)
rNeg   . . .     Faith    .     (helmet restricted)
rPois  .         Spirit   .     (no amulet)
rElec  .         Dismiss  .     (no ring)
rCorr  .         Reflect  .     (no ring)
SustAt .         Harm     .     (no ring)
MR     .....                    (no ring)
Stlth  ++........               (no ring)
                                (no ring)
                                (no ring)
                                (no ring)

@: appendage (expiring), very slightly contaminated
A: almost no armour, amphibious, 8 rings, constrict 8, tentacle spike 3,
camouflage 1, gelatinous body 1
a: End Transformation


You were on level 1 of the Dungeon.
You were not hungry.
One of your tentacles had a temporary spike.
You visited 1 branch of the dungeon, and saw 1 of its levels.

You collected 125 gold pieces.

Inventory:

Missiles
 a - 12 arrows
 j - a javelin (quivered)
Jewellery
 e - an uncursed ring of protection from magic {unknown}
Scrolls
 c - a scroll of immolation {unknown}
 g - 4 scrolls of identify {unknown}
 h - a scroll of teleportation {unknown}
Potions
 d - a potion of mutation {unknown}
 i - a potion of haste {unknown}
Books
 b - a book of Changes

   Spells                             Type                      Level
   a - Beastly Appendage              Transmutation                1
   b - Sticks to Snakes               Transmutation                2
   c - Spider Form                    Transmutation/Poison         3
   d - Ice Form                       Ice/Transmutation            4
   e - Blade Hands                    Transmutation                5
Comestibles
 f - a meat ration


   Skills:
 + Level 1.1 Fighting
 - Level 0.2 Throwing
 - Level 2.2 Dodging
 + Level 3.5 Unarmed Combat
 + Level 2.3 Spellcasting
 + Level 2.2 Transmutations


You couldn't memorise any spells.
You knew the following spells:

 Your Spells              Type           Power        Failure   Level  Hunger
a - Beastly Appendage     Tmut           #.....       10%         1    #......
b - Sticks to Snakes      Tmut           #.......     14%         2    ###....
c - Spider Form           Tmut/Pois      #.........   38%         3    ###....


Dungeon Overview and Level Annotations

Branches:
Dungeon (1/15)

Altars:


Innate Abilities, Weirdness & Mutations

You cannot wear most types of armour.
You are amphibious.
You can wear up to eight rings at the same time.
You can use your tentacles to constrict eight enemies at once.
Your skin changes colour to match your surroundings (Stealth+).
Your rubbery body absorbs attacks. (AC +1, EV +1)
One of your tentacles bears a large vicious spike.


Message History

The hobgoblin barely misses you.
You tentacle-slap the hobgoblin but do no damage.
You constrict the hobgoblin. The hobgoblin hits you with a club.
You tentacle-slap the hobgoblin but do no damage.
You pierce the hobgoblin, but do no damage.
The hobgoblin is heavily wounded.
You constrict the hobgoblin, but do no damage.
The hobgoblin hits you with a club.
* * * LOW HITPOINT WARNING * * *
You tentacle-slap the hobgoblin but do no damage.
You pierce the hobgoblin, but do no damage.
The hobgoblin is heavily wounded.
Your transformation is almost over.
You constrict the hobgoblin. The hobgoblin misses you.
You tentacle-slap the hobgoblin but do no damage.
You squeeze the hobgoblin.
You kill the hobgoblin!
The dart slug launches a dart at you. The slug dart hits you!
You die...

.........#...#.###.........
.....###.....#...#..#######
###....#.###.....#...# #
#....#.[.#.###.....#
###.....).(#...#.###.#
.##.##...#(....#...#.#
.##.##...#......(..#.#
.##.###.##......(....#
....# #.##......@w...###
.#### #.##......).......
..# #.##...........##. ..##
#.##...........#
...####.##...........#
.....................##+#
##..###.##...........##.#
##.# #.##...........##'##
#.# #.#####+##.#####...###


You could see a dart slug.

Vanquished Creatures
  A giant gecko (D:1)
  A giant cockroach (D:1)
  3 goblins (D:1)
  6 hobgoblins (D:1)
  2 jackals (D:1)
  5 bats (D:1)
  A giant newt (D:1)
  3 kobolds (D:1)
  3 rats (D:1)
25 creatures vanquished.

Notes
Turn   | Place    | Note
-------+----------+-------------------------------------------
     0 | D:1      | poirepourri the Octopode Transmuter began the quest for the Orb.
     0 | D:1      | Reached XP level 1. HP: 13/13 MP: 3/3
   206 | D:1      | Reached XP level 2. HP: 7/18 MP: 3/5
  1277 | D:1      | Reached XP level 3. HP: 23/23 MP: 4/6
  1303 | D:1      | Learned a level 2 spell: Sticks to Snakes
  1307 | D:1      | Learned a level 3 spell: Spider Form
  1439 | D:1      | Killed from afar by a dart slug

Vault maps used:
D:1:      minmay_arrival_doors, hangedman_decor_points, minivault_5

Action                   || total
-------------------------++-------
Melee: Unarmed           ||    50
       Kick              ||    13
       Constrict         ||    12
       Tentacles         ||     7
       Punch             ||     2
Throw: Javelin           ||     9
 Cast: Beastly Appendage ||    12
       Spider Form       ||     1
  Eat: Bread ration      ||     1
Armor: Skin              ||     5
Dodge: Dodged            ||    37
